 Dungeon Crawl Stone Soup version 0.26-a0-542-gbaa144ba5c (webtiles) character file.

Game seed: 15966118893035484981

19 Eifo4Ohj9gu9Dob0ohLe the Skirmisher (level 2, -15/27 HPs)
             Began as a Draconian Berserker on Aug 18, 2020.
             Was a Follower of Trog.
             Killed from afar by a dart slug (42 damage)
             ... with an exploding inner flame
             ... hexed by the player character
             ... on level 1 of the Dungeon.
             The game lasted 00:01:53 (605 turns).

Eifo4Ohj9gu9Dob0ohLe the Skirmisher (DrBe)           Turns: 605, Time: 00:01:53

Health: -15/27     AC:  4    Str: 19    XL:     2   Next: 55%
Magic:  2/2        EV: 12    Int:  7    God:    Trog [*.....]
Gold:   34         SH:  0    Dex: 10    Spells: 1/1 levels left

rFire    . . .     SeeInvis .   a - +0 short sword
rCold    . . .     Faith    .   (no shield)
rNeg     . . .     Spirit   .   (armour unavailable)
rPois    .         Reflect  .   (helmet restricted)
rElec    .         Harm     .   (no cloak)
rCorr    .                      (no gloves)
MR       .....                  (no boots)
Stlth    +.........             (no amulet)
HPRegen  0.09/turn              (no ring)
MPRegen  0.08/turn              (no ring)

@: no status effects
A: unfitting armour, cold-blooded, AC +4
a: Berserk, Renounce Religion


You were on level 1 of the Dungeon.
You worshipped Trog.
Trog was aware of your devotion.
You visited 1 branch of the dungeon, and saw 1 of its levels.

You collected 34 gold pieces.

Inventory:

Hand Weapons
 a - a +0 short sword (weapon)
Scrolls
 b - a scroll of magic mapping {unknown}


   Skills:
 + Level 3.6 Fighting
 + Level 3.3 Short Blades
 + Level 3.0 Dodging


You had one spell level left.
You didn't know any spells.
Your spell library was empty.

Dungeon Overview and Level Annotations

Branches:
Dungeon (1/15)

Altars:


Innate Abilities, Weirdness & Mutations

Your plain brown scales are hard. (AC +4)
You cannot fit into any form of body armour.
You are cold-blooded and may be slowed by cold attacks.


Message History

You kill the bat!
Trog accepts your kill.
c - a scroll labeled EMNEOTYTEI A dart slug comes into view.
You see here 10 gold pieces.
As you read the scroll labeled EMNEOTYTEI, it crumbles to dust.
The creatures around you are filled with an inner flame!
It was a scroll of immolation.
The dart slug launches a dart at you. The slug dart misses you.
The dart slug bites you but does no damage.
You hit the dart slug.
Flame seeps out of the dart slug. x2
You tail-slap the dart slug.
The dart slug is heavily wounded.
You hit the dart slug.
Flame seeps out of the dart slug.
You tail-slap the dart slug.
The dart slug explodes!
The fiery explosion engulfs you!!!
Ouch! That really hurt!
You die...

..................# ####...#
..........#######.# #......#
..$.......# #.###......'
..........# #..##.>....#
........$.# ##.##......#
..........###### #.##......#
..........§§§..# #..#.......
######.....○§..####.######..
+....§@...+.........'..
#.........#####.#####..
#.........# #....####..
#.........# #....#.....
#.........# #...)......
#.........# #...#......
#.........# #...#......
#.........# #...#......
#...#......


There were no monsters in sight!

Vanquished Creatures
  A dart slug (D:1)
  A leopard gecko (D:1)
  3 goblins (D:1)
  3 hobgoblins (D:1)
  A kobold (D:1)
  2 bats (D:1)
  A frilled lizard (D:1)
  3 rats (D:1)
15 creatures vanquished.

Notes
Turn   | Place    | Note
-------+----------+-------------------------------------------
     0 | D:1      | Eifo4Ohj9gu9Dob0ohLe the Draconian Berserker began the
                  | quest for the Orb.
     0 | D:1      | Reached XP level 1. HP: 19/19 MP: 1/1
   374 | D:1      | Reached XP level 2. HP: 26/26 MP: 2/2
   605 | D:1      | Killed from afar by a dart slug

Illustrated notes

Levels and vault maps discovered:
D:1:      dpeg_arrival_fog, layout_basic

Skill      XL: |  1  2 |
---------------+-------+-----
Dodging        | 3 |  3.0
Fighting       | |  3.6
Short Blades   | |  3.3

Action                   || total
-------------------------++-------
Melee: Short sword       ||    58
       Tailslap          ||     6
Invok: Berserk           ||     1
  Use: Scroll            ||     2
Armor: Skin              ||     8
Dodge: Dodged            ||    41

Table legend: (Time is in decaauts)
 A = Elapsed time spent in this place.
 B = Non-inter-level travel time spent in this place.
 C = Inter-level travel time spent in this place.
 D = Time resting spent in this place.
 E = Time spent auto-exploring this place.
 F = Levels seen in this place.
 G = Mean time per level.
                   A        B        C        D        E       F      G
               +--------+--------+--------+--------+--------+-----+--------+
         Total |    610 |    610 |      0 |    226 |    197 |   1 |  610.0 |
       Dungeon |    610 |    610 |      0 |    226 |    197 |   1 |  610.0 |
               +--------+--------+--------+--------+--------+-----+--------+

Top non-repeatable levels by time:
     D:1: 610 daAuts
